 Dungeon Crawl Stone Soup version 0.26-a0-8-gc4d20be10f (webtiles) character file.

Game seed: 5043797701094369092, levelgen mode: deterministic

91 vurker the Gusty (level 4, 0/25 HPs)
             Began as a Tengu Air Elementalist on May 24, 2020.
             Succumbed to goblin's curare-tipped dart
             ... on level 2 of the Dungeon.
             The game lasted 00:04:43 (2087 turns).

vurker the Gusty (Tengu Air Elementalist)           Turns: 2087, Time: 00:04:44

Health: 0/25       AC:  3    Str: 12 (14) XL:     4   Next: 57%
Magic:  8/9        EV: 12    Int: 13 (16) God:
Gold:   88         SH:  0    Dex: 12 (15) Spells: 7/8 levels left

rFire    . . .     SeeInvis .   l - +3 dagger (elec)
rCold    . . .     Gourm    .   (no shield)
rNeg     . . .     Faith    .   a - +1 robe
rPois    .         Spirit   .   (helmet restricted)
rElec    .         Reflect  .   (no cloak)
rCorr    .         Harm     .   (no gloves)
MR       .....                  (boots unavailable)
Stlth    +.........             (no amulet)
HPRegen  0.08/turn              i - +6 ring of strength
MPRegen  0.11/turn              g - ring of attention (curse)

@: lethally poisoned (0 -> -39), slowed, very slow
A: beak, talons 3
a: no special abilities


You were on level 2 of the Dungeon.
You were hungry.

You visited 1 branch of the dungeon, and saw 2 of its levels.

You collected 88 gold pieces.

Inventory:

Hand Weapons
 l - a +3 dagger of electrocution (weapon)
   (You took it off a goblin on level 2 of the Dungeon)
Armour
 a - a +1 robe (worn)
Jewellery
 g - a cursed ring of attention (right hand)
   (You found it on level 1 of the Dungeon)
 i - a +6 ring of strength (left hand)
   (You found it on level 1 of the Dungeon)
 n - a cursed amulet of inaccuracy {unknown}
   (You found it on level 2 of the Dungeon)
Scrolls
 c - a scroll of immolation
 d - a scroll of enchant weapon
 h - 2 scrolls of amnesia
 m - a scroll of enchant armour
 o - a scroll of noise {unknown}
Potions
 b - a potion of invisibility
 f - a potion of curing {unknown}
 j - a potion of berserk rage {unknown}
Comestibles
 e - 5 rations
 p - 3 chunks of flesh


   Skills:
 + Level 1.3 Fighting
 - Level 2.1 Dodging
 - Level 2.0 Stealth
 * Level 2.8 Spellcasting
 + Level 2.8 Conjurations
 * Level 5.1 Air Magic


You had 7 spell levels left.
You knew the following spells:

 Your Spells              Type           Power        Failure   Level  Hunger
a - Shock                 Conj/Air       ##..         4%          1    #......

Your spell library contained the following spells:

 Spells                   Type           Power        Failure   Level  Hunger
 Swiftness                Chrm/Air       #.......     12%         2    ###....
 Static Discharge         Conj/Air       ##......     14%         3    ###....
 Airstrike                Air            ###.......   28%         4    #####..
 Lightning Bolt           Conj/Air       ##........   77%         5    ######.


Dungeon Overview and Level Annotations

Branches:
Dungeon (2/15)

Altars:


Innate Abilities, Weirdness & Mutations

You have a beak for a mouth.
You have claws for feet.


Message History

You see here a ration.
Aim: an adder The zap hits the adder.
The adder bites you but does no damage.
You hit the adder. The adder barely misses you.
You hit the adder.
A rat comes into view.
The adder closely misses you.
You closely miss the adder. Your kick misses the adder. You peck the adder.
The adder bites you. x2
You hit the adder. Lightning courses through the adder!
You kill the adder!
You hit the rat.
You kill the rat!
No target in view!
e - 5 rations (gained 1)
A goblin comes into view.
The goblin shouts!
A goblin is nearby!
Aim: a goblin The zap hits the goblin.
You kill the goblin!
You can't see any susceptible monsters within range! (Use Z to cast anyway.)
You butcher the goblin corpse.
p - 3 chunks of flesh (gained 2)
You see here a goblin skeleton. x2
Found a sapphire potion.
Found a stone staircase leading up.
A goblin comes into view.
It is wielding a +0 short sword and quivering 8 curare-tipped darts.
The goblin shouts!
A goblin is nearby!
A goblin is nearby!
You are feeling hungry.
The goblin throws a curare-tipped dart.
The curare-tipped dart hits you.
You are poisoned.
You have difficulty breathing.
You feel yourself slow down.
You see here a curare-tipped dart.
Aim: a goblin, wielding a +0 short sword and quivering 7 curare-tipped darts The zap hits the goblin.
You feel sick.
The goblin throws a curare-tipped dart.
The curare-tipped dart hits you.
You are lethally poisoned!
You have difficulty breathing.
* * * LOW HITPOINT WARNING * * *
You feel as though you will be slow longer.
The goblin throws a curare-tipped dart.
The curare-tipped dart closely misses you.
It was a potion of degeneration.
There was something very wrong with that liquid.
You feel weakened.
You feel dopey.
You feel clumsy.
You die...

##
#.........####
#............#
############.#
#.# #.# #.# #(#
########.######
.......@........
......<.#######.
........#
.......!#
........#
......g.#
........#
.#####...


You could see a goblin.

Vanquished Creatures
  3 adders (D:2)
  An ooze (D:1)
  4 dart slugs
  4 giant cockroaches
  8 goblins
  3 hobgoblins
  8 jackals
  3 bats
  2 frilled lizards
  4 kobolds
  8 rats
48 creatures vanquished.

Vanquished Creatures (others)
  4 toadstools (D:1)
4 creatures vanquished.

Grand Total: 52 creatures vanquished

Notes
Turn   | Place    | Note
-------+----------+-------------------------------------------
     0 | D:1      | vurker the Tengu Air Elementalist began the quest for the
                  | Orb.
     0 | D:1      | Reached XP level 1. HP: 10/10 MP: 4/4
   125 | D:1      | Reached XP level 2. HP: 15/15 MP: 3/6
   401 | D:1      | Reached XP level 3. HP: 2/20 MP: 0/7
  1041 | D:1      | Reached skill level 1 in Fighting
  1357 | D:2      | Reached XP level 4. HP: 23/25 MP: 3/8
  1633 | D:2      | Reached skill level 5 in Air Magic
  2087 | D:2      | Succumbed to goblin's curare-tipped dart

Illustrated notes

Levels and vault maps discovered:
D:1:      ldierk_water_garden, layout_basic
D:2:      layout_basic, serial_corexii_hall, corexii_hall_statues_x,
          corexii_hall_statues_u

Skill      XL: |  1  2  3  4 |
---------------+-------------+-----
Conjurations   | 2 |  2.8
Fighting       | 1 |  1.3
Air Magic      | 5 |  5.1
Dodging        | |  2.1
Stealth        | |  2.0
Spellcasting   | |  2.8

Action                   |  1- 3 |  4- 6 || total
-------------------------+-------+-------++-------
Melee: Unarmed           |    11 |       ||    11
       Kick              |     7 |       ||     7
       Peck              |     2 |     2 ||     4
       Dagger            |     4 |     8 ||    12
 Cast: Shock             |    59 |    22 ||    81
  Use: Scroll            |     5 |     1 ||     6
       Potion            |       |     1 ||     1
  Eat: Chunk             |     2 |     2 ||     4
Armor: Robe              |     6 |     2 ||     8
Dodge: Dodged            |    15 |    11 ||    26

Table legend:
 A = Non-vault XP
 B = Vault XP
 C = Vault XP percentage of total XP
 D = Non-vault monster count
 E = Vault monster count
 F = Vault count percentage of total count
                 A         B        C        D         E       F
            +---------+---------+-------+---------+---------+-------
      Total |     130 |       0 |   0.0 |      48 |       0 |   0.0
            +---------+---------+-------+---------+---------+-------
        D:1 |      51 |       0 |   0.0 |      25 |       0 |   0.0
        D:2 |      79 |       0 |   0.0 |      23 |       0 |   0.0
            +---------+---------+-------+---------+---------+-------
